[ AOE2 MATCH · #505723713 ]
UnrankedHindustanis vs Turks
Rival team · WIN
[ REPLAY ANALYSIS · EXTRACTED FROM THE RECORDED GAME ]
Feudal
8:59
Castle
29:19
Imperial
—
| APM avg | 53.4 |
| APM peak | 107 |
| eAPM avg | 27.4 |
| Villagers / military | 153 / 64 |
Focus
⚔️ 30.3% · 🌾 69.7%
Cavalry Archer ×36 · Ghulam ×14 · Petard ×12 · Armored Elephant ×2
Feudal
14:03
Castle
30:41
Imperial
36:38
| APM avg | 52.1 |
| APM peak | 96 |
| eAPM avg | 28.1 |
| Villagers / military | 129 / 43 |
Focus
⚔️ 35.7% · 🌾 64.3%
Hand Cannoneer ×24 · Bombard Cannon ×8 · Monk ×4 · Janissary ×4 · Mangonel ×1 · Scout Cavalry ×1
Match map
Initial resources + every placement click. Lines = walls · curves = elevation contours. ◆ gold · ⬟ stone · ● berries · ✦ relic · ◌ wall gap
Your base· ✓ Closed at 29:19 · 43t walls · 5 gate(s)
STORM | Noszombie's base· ✓ Closed at 30:41 · 61t walls · 3 gate(s)
Smoothed initial terrain · ◌ = detected wall gap · hover for details
Inputs per minute
— Don Vito - - STORM | Noszombie
Build order — Don Vito
First 150 of 392 actions detected
| 0:00 | Create | Villager (Male) |
| 0:01 | Create | Villager (Male) |
| 0:01 | Create | Villager (Male) |
| 0:02 | Create | Villager (Male) |
| 0:02 | Build | House |
| 0:04 | Build | House |
| 0:29 | Research | Loom |
| 0:46 | Create | Villager (Male) |
| 0:51 | Create | Villager (Male) |
| 1:02 | Build | Palisade Gate |
| 1:25 | Create | Villager (Male) |
| 1:53 | Build | Lumber Camp |
| 2:01 | Create | Villager (Male) |
| 2:47 | Create | Villager (Male) |
| 2:47 | Create | Villager (Male) |
| 3:20 | Create | Villager (Male) |
| 3:21 | Create | Villager (Male) |
| 3:49 | Create | Villager (Male) |
| 3:49 | Create | Villager (Male) |
| 4:37 | Create | Villager (Male) |
| 4:44 | Build | House |
| 4:48 | Create | Villager (Male) |
| 4:48 | Create | Villager (Male) |
| 4:49 | Create | Villager (Male) |
| 5:21 | Create | Villager (Male) |
| 5:47 | Build | Mining Camp |
| 6:49 | Research | Feudal Age |
| 7:46 | Build | Palisade Gate |
| 8:03 | Build | Palisade Gate |
| 8:26 | Create | Villager (Male) |
| 8:48 | Build | Palisade Wall |
| 8:51 | Build | Palisade Wall |
| 8:55 | Build | Palisade Wall |
| 8:59 | Age | Feudal Age |
| 9:02 | Create | Villager (Male) |
| 9:21 | Build | Watch Tower |
| 9:30 | Create | Villager (Male) |
| 9:37 | Research | Wheelbarrow |
| 9:59 | Build | Palisade Wall |
| 10:02 | Build | Palisade Wall |
| 10:24 | Create | Villager (Male) |
| 10:43 | Create | Villager (Male) |
| 10:50 | Create | Villager (Male) |
| 11:09 | Create | Villager (Male) |
| 11:15 | Create | Villager (Male) |
| 11:15 | Create | Villager (Male) |
| 11:45 | Create | Villager (Male) |
| 12:56 | Create | Villager (Male) |
| 13:40 | Create | Villager (Male) |
| 13:47 | Create | Villager (Male) |
| 13:50 | Build | Palisade Wall |
| 13:51 | Build | Palisade Wall |
| 13:53 | Build | Palisade Wall |
| 13:56 | Build | Palisade Wall |
| 14:06 | Create | Villager (Male) |
| 14:08 | Build | Palisade Wall |
| 14:10 | Build | Palisade Wall |
| 14:13 | Build | Stone Wall |
| 14:15 | Build | Stone Wall |
| 14:16 | Build | Stone Wall |
| 14:23 | Build | Stone Wall |
| 14:26 | Build | Stone Wall |
| 14:29 | Build | Stone Wall |
| 14:30 | Build | Stone Wall |
| 14:32 | Build | Stone Wall |
| 14:34 | Build | Stone Wall |
| 14:36 | Create | Villager (Male) |
| 14:39 | Create | Villager (Male) |
| 14:46 | Create | Villager (Male) |
| 14:54 | Build | Watch Tower |
| 15:55 | Build | House |
| 16:07 | Build | Mill |
| 16:33 | Build | House |
| 16:42 | Create | Villager (Male) |
| 16:43 | Create | Villager (Male) |
| 17:19 | Build | Mining Camp |
| 17:34 | Create | Villager (Male) |
| 17:34 | Create | Villager (Male) |
| 17:35 | Create | Villager (Male) |
| 17:35 | Create | Villager (Male) |
| 18:00 | Build | Palisade Wall |
| 18:02 | Build | Palisade Wall |
| 18:04 | Build | Palisade Wall |
| 18:07 | Build | Palisade Wall |
| 18:08 | Build | Palisade Wall |
| 18:10 | Build | Palisade Wall |
| 18:13 | Build | Palisade Wall |
| 18:13 | Create | Villager (Male) |
| 18:16 | Create | Villager (Male) |
| 18:33 | Create | Villager (Male) |
| 18:44 | Build | House |
| 19:14 | Build | Gate |
| 19:19 | Build | Gate |
| 19:28 | Build | Stone Wall |
| 19:36 | Build | Palisade Wall |
| 19:41 | Create | Villager (Male) |
| 19:43 | Create | Villager (Male) |
| 19:43 | Create | Villager (Male) |
| 19:54 | Create | Villager (Male) |
| 20:09 | Create | Villager (Male) |
| 20:37 | Build | House |
| 20:39 | Build | Palisade Wall |
| 20:44 | Build | Palisade Wall |
| 20:46 | Build | Palisade Wall |
| 20:54 | Create | Villager (Male) |
| 21:29 | Build | Gate |
| 21:32 | Build | Gate |
| 21:36 | Build | Stone Wall |
| 21:45 | Build | Watch Tower |
| 21:46 | Create | Villager (Male) |
| 21:46 | Create | Villager (Male) |
| 22:08 | Build | Lumber Camp |
| 22:26 | Create | Villager (Male) |
| 22:39 | Build | Farm |
| 23:01 | Build | Farm |
| 23:17 | Build | Farm |
| 23:51 | Create | Villager (Male) |
| 24:05 | Build | Market |
| 24:07 | Create | Villager (Male) |
| 24:19 | Create | Villager (Male) |
| 24:41 | Create | Villager (Male) |
| 25:11 | Create | Villager (Male) |
| 25:14 | Build | Outpost |
| 25:17 | Build | House |
| 25:23 | Build | Blacksmith |
| 26:00 | Create | Villager (Male) |
| 26:39 | Research | Castle Age |
| 26:42 | Build | Palisade Wall |
| 26:44 | Build | Palisade Wall |
| 26:51 | Build | Stone Wall |
| 26:53 | Build | Palisade Wall |
| 27:13 | Build | Gate |
| 27:26 | Build | Lumber Camp |
| 27:58 | Research | Horse Collar |
| 28:20 | Build | House |
| 28:40 | Build | Farm |
| 28:41 | Build | Farm |
| 29:05 | Build | Palisade Wall |
| 29:07 | Build | Palisade Wall |
| 29:16 | Build | Farm |
| 29:19 | Age | Castle Age |
| 29:22 | Create | Villager (Male) |
| 29:35 | Build | Castle |
| 29:39 | Create | Villager (Male) |
| 29:52 | Create | Villager (Male) |
| 30:03 | Create | Villager (Male) |
| 30:16 | Build | Palisade Wall |
| 30:17 | Build | Palisade Wall |
| 30:22 | Create | Ghulam |
| 30:23 | Create | Ghulam |
Build order — STORM | Noszombie
First 150 of 371 actions detected
| 0:01 | Create | Villager (Male) |
| 0:02 | Create | Villager (Male) |
| 0:02 | Build | House |
| 0:04 | Build | House |
| 0:09 | Create | Villager (Male) |
| 0:17 | Create | Villager (Male) |
| 0:18 | Create | Villager (Male) |
| 0:37 | Build | Palisade Wall |
| 1:40 | Build | Palisade Wall |
| 1:41 | Create | Villager (Male) |
| 1:42 | Create | Villager (Male) |
| 1:59 | Build | Lumber Camp |
| 2:06 | Create | Villager (Male) |
| 2:07 | Create | Villager (Male) |
| 2:36 | Create | Villager (Male) |
| 3:06 | Create | Villager (Male) |
| 3:06 | Create | Villager (Male) |
| 3:07 | Create | Villager (Male) |
| 3:29 | Create | Villager (Male) |
| 3:29 | Create | Villager (Male) |
| 3:44 | Build | House |
| 3:51 | Create | Villager (Male) |
| 4:21 | Create | Villager (Male) |
| 4:31 | Build | Palisade Wall |
| 4:48 | Create | Villager (Male) |
| 4:48 | Create | Villager (Male) |
| 4:56 | Build | Palisade Wall |
| 5:14 | Build | Palisade Wall |
| 5:25 | Create | Villager (Male) |
| 5:25 | Create | Villager (Male) |
| 5:30 | Build | House |
| 5:41 | Build | Palisade Wall |
| 5:46 | Create | Villager (Male) |
| 6:18 | Build | Mill |
| 6:23 | Create | Villager (Male) |
| 6:39 | Build | Palisade Wall |
| 7:14 | Create | Villager (Male) |
| 7:30 | Build | Palisade Wall |
| 7:50 | Create | Villager (Male) |
| 8:00 | Create | Villager (Male) |
| 8:03 | Build | Palisade Wall |
| 8:22 | Research | Loom |
| 8:27 | Build | Palisade Wall |
| 8:32 | Create | Villager (Male) |
| 8:34 | Create | Villager (Male) |
| 8:44 | Build | Palisade Wall |
| 8:46 | Create | Villager (Male) |
| 8:54 | Create | Villager (Male) |
| 9:15 | Create | Villager (Male) |
| 9:17 | Create | Villager (Male) |
| 9:25 | Build | Palisade Wall |
| 9:28 | Create | Villager (Male) |
| 9:31 | Create | Villager (Male) |
| 9:34 | Create | Villager (Male) |
| 9:37 | Create | Villager (Male) |
| 9:50 | Create | Villager (Male) |
| 10:09 | Create | Villager (Male) |
| 10:14 | Create | Villager (Male) |
| 10:24 | Create | Villager (Male) |
| 10:49 | Create | Villager (Male) |
| 10:49 | Create | Villager (Male) |
| 10:52 | Create | Villager (Male) |
| 10:54 | Create | Villager (Male) |
| 11:00 | Create | Villager (Male) |
| 11:01 | Create | Villager (Male) |
| 11:43 | Create | Villager (Male) |
| 11:53 | Research | Feudal Age |
| 12:02 | Build | Mining Camp |
| 12:08 | Build | House |
| 12:13 | Build | Palisade Wall |
| 12:15 | Build | Palisade Wall |
| 12:42 | Create | Villager (Male) |
| 13:02 | Create | Villager (Male) |
| 13:07 | Create | Villager (Male) |
| 13:07 | Create | Villager (Male) |
| 13:17 | Create | Villager (Male) |
| 13:27 | Create | Villager (Male) |
| 13:46 | Build | Palisade Wall |
| 14:03 | Age | Feudal Age |
| 14:28 | Create | Villager (Male) |
| 14:28 | Create | Villager (Male) |
| 14:39 | Build | Stone Wall |
| 14:41 | Build | Stone Wall |
| 14:43 | Build | Stone Wall |
| 14:45 | Build | Stone Wall |
| 14:48 | Build | Stone Wall |
| 14:52 | Build | Stone Wall |
| 14:54 | Build | Stone Wall |
| 14:56 | Build | Stone Wall |
| 15:08 | Build | Watch Tower |
| 15:10 | Create | Villager (Male) |
| 15:10 | Create | Villager (Male) |
| 15:48 | Create | Villager (Male) |
| 15:48 | Create | Villager (Male) |
| 16:27 | Create | Villager (Male) |
| 16:38 | Create | Villager (Male) |
| 16:50 | Build | House |
| 17:07 | Build | Blacksmith |
| 17:17 | Build | Watch Tower |
| 17:28 | Build | Farm |
| 17:57 | Research | Fletching |
| 18:21 | Create | Villager (Male) |
| 18:24 | Build | Farm |
| 18:25 | Build | Farm |
| 18:26 | Create | Villager (Male) |
| 18:27 | Create | Villager (Male) |
| 18:38 | Create | Villager (Male) |
| 18:49 | Create | Villager (Male) |
| 19:18 | Create | Villager (Male) |
| 19:19 | Create | Villager (Male) |
| 19:35 | Create | Villager (Male) |
| 19:38 | Build | Watch Tower |
| 19:52 | Research | Wheelbarrow |
| 19:52 | Research | Wheelbarrow |
| 19:57 | Build | Farm |
| 19:58 | Build | Farm |
| 19:59 | Create | Villager (Male) |
| 19:59 | Create | Villager (Male) |
| 20:31 | Create | Villager (Male) |
| 20:43 | Create | Villager (Male) |
| 20:46 | Create | Villager (Male) |
| 20:55 | Create | Villager (Male) |
| 20:57 | Build | Palisade Wall |
| 20:58 | Build | Palisade Wall |
| 21:02 | Create | Villager (Male) |
| 21:36 | Create | Villager (Male) |
| 21:40 | Create | Villager (Male) |
| 21:54 | Create | Villager (Male) |
| 22:01 | Create | Villager (Male) |
| 22:01 | Create | Villager (Male) |
| 22:18 | Build | Palisade Wall |
| 22:21 | Build | Palisade Wall |
| 22:33 | Create | Villager (Male) |
| 22:50 | Create | Villager (Male) |
| 23:00 | Build | House |
| 23:02 | Build | Outpost |
| 23:07 | Create | Villager (Male) |
| 23:13 | Research | Double-Bit Axe |
| 23:13 | Research | Double-Bit Axe |
| 23:14 | Research | Double-Bit Axe |
| 23:14 | Research | Horse Collar |
| 23:14 | Research | Horse Collar |
| 23:15 | Research | Horse Collar |
| 23:21 | Build | Farm |
| 23:38 | Build | Farm |
| 23:46 | Build | Farm |
| 23:48 | Create | Villager (Male) |
| 23:49 | Create | Villager (Male) |
| 23:57 | Build | Farm |
| 23:58 | Create | Villager (Male) |
Match timeline
| 0:37 | STORM | Noszombie · wall_segment Palisade Wall x8 |
| 1:40 | STORM | Noszombie · wall_segment Palisade Wall x1 |
| 4:31 | STORM | Noszombie · wall_segment Palisade Wall x1 |
| 4:56 | STORM | Noszombie · wall_segment Palisade Wall x1 |
| 5:14 | STORM | Noszombie · wall_segment Palisade Wall x1 |
| 5:41 | STORM | Noszombie · wall_segment Palisade Wall x1 |
| 6:39 | STORM | Noszombie · wall_segment Palisade Wall x1 |
| 7:30 | STORM | Noszombie · wall_segment Palisade Wall x3 |
| 8:03 | STORM | Noszombie · wall_segment Palisade Wall x3 |
| 8:27 | STORM | Noszombie · wall_segment Palisade Wall x1 |
| 8:44 | STORM | Noszombie · wall_segment Palisade Wall x1 |
| 8:48 | Don Vito · wall_segment Palisade Wall x2 |
| 8:51 | Don Vito · wall_segment Palisade Wall x1 |
| 8:55 | Don Vito · wall_segment Palisade Wall x1 |
| 8:59 | Don Vito · age_up feudal |
| 9:25 | STORM | Noszombie · wall_segment Palisade Wall x1 |
| 9:59 | Don Vito · wall_segment Palisade Wall x1 |
| 10:02 | Don Vito · wall_segment Palisade Wall x4 |
| 12:13 | STORM | Noszombie · wall_segment Palisade Wall x6 |
| 12:15 | STORM | Noszombie · wall_segment Palisade Wall x6 |
| 13:46 | STORM | Noszombie · wall_segment Palisade Wall x5 |
| 13:50 | Don Vito · wall_segment Palisade Wall x1 |
| 13:51 | Don Vito · wall_segment Palisade Wall x1 |
| 13:53 | Don Vito · wall_segment Palisade Wall x1 |
| 13:56 | Don Vito · wall_segment Palisade Wall x1 |
| 14:03 | STORM | Noszombie · age_up feudal |
| 14:08 | Don Vito · wall_segment Palisade Wall x1 |
| 14:10 | Don Vito · wall_segment Palisade Wall x1 |
| 14:13 | Don Vito · wall_segment Stone Wall x1 |
| 14:15 | Don Vito · wall_segment Stone Wall x1 |
| 14:16 | Don Vito · wall_segment Stone Wall x1 |
| 14:23 | Don Vito · wall_segment Stone Wall x1 |
| 14:26 | Don Vito · wall_segment Stone Wall x1 |
| 14:29 | Don Vito · wall_segment Stone Wall x1 |
| 14:30 | Don Vito · wall_segment Stone Wall x1 |
| 14:32 | Don Vito · wall_segment Stone Wall x1 |
| 14:34 | Don Vito · wall_segment Stone Wall x1 |
| 14:39 | STORM | Noszombie · wall_segment Stone Wall x1 |
| 14:41 | STORM | Noszombie · wall_segment Stone Wall x1 |
| 14:43 | STORM | Noszombie · wall_segment Stone Wall x1 |
| 14:45 | STORM | Noszombie · wall_segment Stone Wall x1 |
| 14:48 | STORM | Noszombie · wall_segment Stone Wall x1 |
| 14:52 | STORM | Noszombie · wall_segment Stone Wall x1 |
| 14:54 | STORM | Noszombie · wall_segment Stone Wall x1 |
| 14:56 | STORM | Noszombie · wall_segment Stone Wall x1 |
| 18:00 | Don Vito · wall_segment Palisade Wall x1 |
| 18:02 | Don Vito · wall_segment Palisade Wall x1 |
| 18:04 | Don Vito · wall_segment Palisade Wall x1 |
| 18:07 | Don Vito · wall_segment Palisade Wall x1 |
| 18:08 | Don Vito · wall_segment Palisade Wall x1 |
| 18:10 | Don Vito · wall_segment Palisade Wall x1 |
| 18:13 | Don Vito · wall_segment Palisade Wall x1 |
| 19:28 | Don Vito · wall_segment Stone Wall x3 |
| 19:36 | Don Vito · wall_segment Palisade Wall x3 |
| 20:39 | Don Vito · wall_segment Palisade Wall x1 |
| 20:44 | Don Vito · wall_segment Palisade Wall x1 |
| 20:46 | Don Vito · wall_segment Palisade Wall x1 |
| 20:57 | STORM | Noszombie · wall_segment Palisade Wall x1 |
| 20:58 | STORM | Noszombie · wall_segment Palisade Wall x1 |
| 21:36 | Don Vito · wall_segment Stone Wall x1 |
| 22:18 | STORM | Noszombie · wall_segment Palisade Wall x1 |
| 22:21 | STORM | Noszombie · wall_segment Palisade Wall x1 |
| 25:01 | Don Vito · first_market_buy 100 food |
| 26:27 | Don Vito · first_market_sell 100 wood |
| 26:42 | Don Vito · wall_segment Palisade Wall x1 |
| 26:42 | STORM | Noszombie · wall_segment Palisade Wall x1 |
| 26:43 | STORM | Noszombie · wall_segment Palisade Wall x1 |
| 26:44 | Don Vito · wall_segment Palisade Wall x1 |
| 26:50 | STORM | Noszombie · wall_segment Stone Wall x1 |
| 26:51 | Don Vito · wall_segment Stone Wall x1 |
| 26:51 | STORM | Noszombie · wall_segment Stone Wall x1 |
| 26:53 | Don Vito · wall_segment Palisade Wall x1 |
| 27:00 | STORM | Noszombie · wall_segment Stone Wall x1 |
| 27:04 | STORM | Noszombie · wall_segment Stone Wall x1 |
| 27:48 | STORM | Noszombie · wall_segment Stone Wall x1 |
| 28:39 | STORM | Noszombie · first_building Barracks |
| 29:01 | STORM | Noszombie · wall_segment Palisade Wall x1 |
| 29:03 | STORM | Noszombie · wall_segment Palisade Wall x1 |
| 29:05 | STORM | Noszombie · wall_segment Palisade Wall x1 |
| 29:05 | Don Vito · wall_segment Palisade Wall x1 |
| 29:07 | Don Vito · wall_segment Palisade Wall x1 |
| 29:10 | STORM | Noszombie · wall_segment Palisade Wall x1 |
| 29:13 | STORM | Noszombie · wall_segment Palisade Wall x1 |
| 29:19 | Don Vito · age_up castle |
| 29:20 | STORM | Noszombie · wall_segment Palisade Wall x1 |
| 29:35 | Don Vito · first_building Castle |
| 29:45 | STORM | Noszombie · first_building Stable |
| 30:16 | Don Vito · wall_segment Palisade Wall x1 |
| 30:17 | Don Vito · wall_segment Palisade Wall x1 |
| 30:17 | STORM | Noszombie · wall_segment Stone Wall x1 |
| 30:41 | STORM | Noszombie · age_up castle |
| 30:52 | STORM | Noszombie · first_building Castle |
| 30:56 | Don Vito · wall_segment Palisade Wall x1 |
| 30:58 | Don Vito · wall_segment Palisade Wall x1 |
| 31:03 | Don Vito · wall_segment Palisade Wall x4 |
| 31:05 | Don Vito · wall_segment Palisade Wall x1 |
| 31:28 | STORM | Noszombie · first_market_buy 100 wood |
| 31:31 | STORM | Noszombie · first_building Monastery |
| 31:54 | STORM | Noszombie · wall_segment Palisade Wall x1 |
| 31:57 | STORM | Noszombie · wall_segment Palisade Wall x1 |
| 31:59 | STORM | Noszombie · wall_segment Palisade Wall x1 |
| 32:02 | Don Vito · wall_segment Palisade Wall x3 |
| 32:04 | Don Vito · wall_segment Palisade Wall x1 |
| 32:05 | Don Vito · wall_segment Palisade Wall x1 |
| 32:08 | Don Vito · wall_segment Palisade Wall x1 |
| 32:11 | Don Vito · wall_segment Palisade Wall x1 |
| 32:26 | Don Vito · wall_segment Palisade Wall x1 |
| 32:55 | STORM | Noszombie · wall_segment Stone Wall x1 |
| 33:08 | Don Vito · wall_segment Palisade Wall x1 |
| 33:08 | STORM | Noszombie · first_market_sell 500 stone |
| 33:09 | Don Vito · wall_segment Palisade Wall x1 |
| 33:12 | Don Vito · wall_segment Palisade Wall x1 |
| 33:12 | STORM | Noszombie · first_building Siege Workshop |
| 33:43 | STORM | Noszombie · wall_segment Stone Wall x4 |
| 34:47 | Don Vito · first_building Siege Workshop |
| 35:41 | Don Vito · wall_segment Palisade Wall x1 |
| 35:42 | Don Vito · wall_segment Palisade Wall x1 |
| 36:16 | Don Vito · wall_segment Palisade Wall x1 |
| 36:38 | STORM | Noszombie · age_up imperial |
| 36:59 | STORM | Noszombie · wall_segment Stone Wall x2 |
| 37:01 | Don Vito · first_building Barracks |
| 37:01 | STORM | Noszombie · wall_segment Stone Wall x1 |
| 37:03 | STORM | Noszombie · wall_segment Stone Wall x3 |
| 37:38 | STORM | Noszombie · wall_segment Stone Wall x1 |
| 38:13 | STORM | Noszombie · first_building Archery Range |
| 38:17 | Don Vito · first_building Archery Range |
| 40:48 | STORM | Noszombie · wall_segment Stone Wall x2 |
| 40:50 | STORM | Noszombie · wall_segment Stone Wall x4 |
| 40:57 | Don Vito · first_building Stable |
| 44:22 | Don Vito · resign |
[ AI ANALYSIS · 1 CREDIT ]
What really happened in this match?
Wolo.gg analyzes every decision: build order, eco, micro, common mistakes by bracket. Personalized analysis on WhatsApp or Discord in 30 seconds.
Civ guide
Hindustanis
Perfil
Jugador #18713675